 Dungeon Crawl Stone Soup version 0.29-a0-1027-gcd8c55af63 (webtiles) character file.

Game seed: 2507463877977001567

743 wingedge the Sneak (level 8, -5/66 HPs)
             Began as a Kobold Wanderer on Aug 12, 2022.
             Was a Follower of Hepliaklqana.
             Killed from afar by an orc wizard (10 damage)
             ... with a puff of flame
             ... on level 5 of the Dungeon.
             The game lasted 00:16:43 (6538 turns).

wingedge the Sneak (Kobold Wanderer)                Turns: 6538, Time: 00:16:44

Health: -5/66      AC: 24    Str:  9    XL:     8   Next: 5%
Magic:  11/11      EV:  3    Int: 14    God:    Hepliaklqana [*.....]
Gold:   180        SH:  0    Dex: 16    Spells: 9/11 levels left

rFire   . . .      SeeInvis .   y - +0 dagger (venom)
rCold   . . .      Faith    .   (no shield)
rNeg    . . .      Spirit   .   (body armour currently unavailable)
rPois   +          Reflect  .   (helmet currently unavailable)
rElec   .          Harm     .   (cloak currently unavailable)
rCorr   .          Rampage  .   (gloves currently unavailable)
Will    .....      NoTele   +   (boots currently unavailable)
Stlth   ++........              (no amulet)
HPRegen 0.21/turn               (no ring)
MPRegen 0.12/turn               (no ring)

@: confused, lethally poisoned (-5 -> -9), tree-form, hasted, very quick
A: stationary, stasis, torment immunity, boosted hp, reduced essence, small, no
large weapons, nightstalker 3
a: Renounce Religion, Recall Ancestor, Ancestor Identity


You were on level 5 of the Dungeon.
You worshipped Hepliaklqana.
Hepliaklqana was aware of your devotion.
You were a tree.
You visited 1 branch of the dungeon, and saw 5 of its levels.

You collected 235 gold pieces.
You spent 55 gold pieces at shops.

Inventory:

Hand Weapons
 l - a +0 shortbow
 y - a +0 dagger of venom (weapon)
Armour
 c - a +0 robe (melded)
 d - a +0 pair of boots (melded)
 j - a +0 leather armour
 n - a +0 cloak (melded)
Scrolls
 b - a scroll of fear
 e - 2 scrolls of teleportation {unknown}
 f - 2 scrolls of amnesia {unknown}
 h - 3 scrolls of identify {unknown}
 i - a scroll of butterflies {unknown}
 m - a scroll of silence {unknown}
 p - 3 scrolls of magic mapping {unknown}
 r - a scroll of brand weapon {unknown}
 w - a scroll of enchant armour {unknown}
Potions
 o - a potion of brilliance {unknown}
 t - a potion of haste
 u - a potion of degeneration {unknown}
 v - a potion of cancellation {unknown}
 x - a potion of mutation {unknown}


   Skills:
 + Level 5.1 Fighting
 - Level 3.0 Short Blades
 - Level 5.0 Dodging
 - Level 6.0 Stealth
 - Level 2.0 Spellcasting
 - Level 2.0 Conjurations
 - Level 3.0 Translocations
 - Level 3.0 Transmutations


You had 9 spell levels left.
You knew the following spells:

 Your Spells              Type           Power      Damage    Failure   Level
a - Magic Dart            Conj           28%        1d4       11%         1
b - Beastly Appendage     Tmut           18%        N/A       7%          1

Your spell library contained the following spells:

 Spells                   Type           Power      Damage    Failure   Level
 Apportation              Tloc           18%        N/A       7%          1
 Blink                    Tloc           18%        N/A       11%         2
 Shock                    Conj/Air       16%        1d4       16%         1
 Gell's Gravitas          Tloc           9%         N/A       21%         3
 Lesser Beckoning         Tloc           9%         N/A       21%         3
 Teleport Other           Tloc           9%         N/A       21%         3
 Call Imp                 Summ           1%         N/A       34%         2
 Spider Form              Tmut/Pois      5%         N/A       36%         3
 Stone Arrow              Conj/Erth      8%         3d7       43%         3
 Mephitic Cloud           Conj/Pois/Air  3%         N/A       50%         3
 Swiftness                Air            1%         N/A       56%         3
 Airstrike                Air            0%         2d(1-17)  93%         4
 Animate Armour           Summ/Erth      2%         N/A       93%         4
 Dispersal                Tloc           4%         N/A       100%        6
 Lehudib's Crystal Spear  Conj/Erth      2%         10d2      100%        8


Dungeon Overview and Level Annotations

Branches:
Dungeon (5/15)
 Temple: D:4-7

Altars:
Hepliaklqana
Makhleb
Okawaru
Ru
Uskayaw
Wu Jian
Zin
The Shining One

Shops:
D:4 [   D:5 *


Innate Abilities, Weirdness & Mutations

You are a tree.
Your roots penetrate the ground, keeping you stationary.
You cannot be teleported.
You are immune to unholy pain and torment.
Your maximum health is greatly increased.
Your equipment is partially melded.
Your life essence is reduced to manifest your ancestor. (-10% HP)
You are small and have problems with some larger weapons.
You are completely attuned to the shadows.


Message History

Ramose hits something.
It was a potion of lignification.
Your horns disappear.
Your talons disappear.
Your +0 pair of boots unmelds from your body.
You turn into a tree.
Your +0 cloak melds into your body.
Your +0 pair of boots melds into your body.
Your +0 robe melds into your body.
Your roots penetrate the ground.
* * * LOW HITPOINT WARNING * * *
You feel sick.
The orc wizard hits Ramose with a +0 dagger.
You hear some strange, mumbled words.
You are confused.
You cannot move. (Use ctrl+direction or * direction to attack while stationary and confused.)
You cannot move. (Use ctrl+direction or * direction to attack while stationary and confused.)
You cannot move. (Use ctrl+direction or * direction to attack while stationary and confused.)
You swing at nothing.
* * * LOW HITPOINT WARNING * * *
You feel sick.
Ramose closely misses something.
You swing at nothing.
* * * LOW HITPOINT WARNING * * *
You feel sick.
The orc wizard barely misses Ramose.
You swing at nothing.
* * * LOW HITPOINT WARNING * * *
You feel sick.
Ramose hits something.
Something hits Ramose.
The orc wizard barely misses Ramose.
You hit something.
* * * LOW HITPOINT WARNING * * *
You feel sick.
Ramose barely misses something.
You swing at nothing.
* * * LOW HITPOINT WARNING * * *
You feel sick.
The orc wizard hits Ramose with a +0 dagger.
Something hits you but does no damage.
You nearly hit yourself!
* * * LOW HITPOINT WARNING * * *
You feel sick.
Ramose barely misses something.
You hear some strange, mumbled words.
A puff of flame appears from out of thin air!
The puff of flame hits you!
You die...

#......................
#...###..##...##..>...#
#+# #..##...#########
#.......'........
+......<#........
#.......#........
#..##...##...##.#
....###..##...#######.#
....#.♣..#..........#.>
....#.{..#..........#..
...)#)R..#..........#..
..o.'o...#.[........#..
....#....#..........#..
#+####..###..###.).####
#### #..###...####
..............
#..............


You could see the friendly Ramose the ancestor and an orc wizard.

Vanquished Creatures
  Sigmund (D:5)
  Edmund (D:5)
  A centaur (D:5)
  2 hounds (D:5)
  3 orc priests
  An iguana (D:4)
  An orc wizard (D:5)
  5 adders
  A worm (D:3)
  A dart slug (D:1)
  14 orcs
  9 endoplasms
  4 giant cockroaches
  8 goblins
  7 hobgoblins
  2 kobolds
  2 quokkas (D:2)
  7 ball pythons
  4 bats
  6 frilled lizards
  6 rats
86 creatures vanquished.

Vanquished Creatures (collateral kills)
  A hound (D:5)
  An iguana (D:5)
  A dart slug (D:5)
  An endoplasm (D:4)
4 creatures vanquished.

Grand Total: 90 creatures vanquished

Notes
Turn   | Place    | Note
-------+----------+-------------------------------------------
     0 | D:1      | wingedge the Kobold Wanderer began the quest for the Orb.
     0 | D:1      | wingedge set off with the following items: a +0 dagger, a
                  | scroll of fear, a +0 robe, a +0 pair of boots; and the
                  | following spells available to memorise: Apportation,
                  | Beastly Appendage, Blink, Lesser Beckoning, Spider Form.
     0 | D:1      | Reached XP level 1. HP: 12/12 MP: 2/2
   203 | D:1      | Learned a level 1 spell: Beastly Appendage
   260 | D:1      | Reached XP level 2. HP: 16/16 MP: 2/4
  1129 | D:1      | Reached XP level 3. HP: 20/20 MP: 4/6
  2104 | D:2      | Found a hide-covered altar of Uskayaw.
  2366 | D:2      | Reached skill level 1 in Conjurations
  2366 | D:2      | Reached XP level 4. HP: 11/25 MP: 5/7
  2559 | D:2      | Learned a level 1 spell: Magic Dart
  2969 | D:3      | Found an ornate altar of the Wu Jian Council.
  2974 | D:3      | Found a burning altar of Makhleb.
  2975 | D:3      | Found a faded altar of an unknown god.
  2976 | D:3      | Found a faded altar of an unknown god.
  2981 | D:3      | Found a sacrificial altar of Ru.
  3249 | D:3      | Reached skill level 1 in Stealth
  3249 | D:3      | Reached XP level 5. HP: 30/30 MP: 2/8
  3320 | D:3      | Found a hazy altar of Hepliaklqana.
  3325 | D:3      | Became a worshipper of Hepliaklqana the Forgotten
  3458 | D:3      | Found a glowing golden altar of the Shining One.
  3588 | D:3      | Found an iron altar of Okawaru.
  3841 | D:3      | Reached skill level 2 in Stealth
  3940 | D:3      | Found a glowing silver altar of Zin.
  4059 | D:3      | Found a faded altar of an unknown god.
  4312 | D:4      | Found Lunoghiko's Antique Armour Shoppe.
  4551 | D:4      | Reached skill level 3 in Stealth
  4551 | D:4      | Reached skill level 1 in Short Blades
  5233 | D:4      | Reached * piety under Hepliaklqana
  5390 | D:4      | Reached XP level 6. HP: 23/31 MP: 7/9
  5748 | D:5      | Entered Level 5 of the Dungeon
  5773 | D:5      | Reached skill level 4 in Stealth
  5831 | D:5      | Found Xuoh's Assorted Antiques.
  5835 | D:5      | Bought a bubbling emerald potion for 26 gold pieces
  5835 | D:5      | Bought a scroll labelled EHAROMMOEHU for 29 gold pieces
  5926 | D:5      | Noticed Edmund
  5941 | D:5      | Killed Edmund
  5942 | D:5      | Reached skill level 5 in Stealth
  5942 | D:5      | Reached XP level 7. HP: 15/36 MP: 10/10
  6124 | D:5      | Noticed Sigmund
  6128 | D:5      | Killed Sigmund
  6194 | D:5      | Reached skill level 5 in Fighting
  6355 | D:5      | Reached skill level 5 in Dodging
  6529 | D:5      | Reached XP level 8. HP: 18/44 MP: 11/11
  6530 | D:5      | Reached skill level 6 in Stealth
  6538 | D:5      | Killed from afar by an orc wizard

Illustrated notes

Levels and vault maps discovered:
D:1:      onia_arrival_mini_maze, layout_basic
D:2:      layout_basic, basic_altar, kennysheep_small_spiral
D:3:      layout_basic, mainiacjoe_overflow_chevrons, okawaru_ov_weapons_minmay,
          chequers_temple_overflow_minitemple, nicolae_hepliaklqana_hazy_memory,
          mainiacjoe_overflow_surrounded_room,
          shapermc_ecumenical_altar_mp_urbaneastern
D:4:      layout_basic, serial_shops, nicolae_lakefront_shop
D:5:      layout_gridville, serial_shops, shop, uniq_sigmund, uniq_edmund

Skill      XL: |  1  2  3  4  5  6  7  8 |
---------------+-------------------------+-----
Dodging        | 4 5 |  5.0
Spellcasting   | 2 |  2.0
Transmutations | 3 |  3.0
Conjurations   | 1 2 |  2.0
Fighting       | 2 3 5 |  5.1
Stealth        | 1 3 5 6 |  6.0
Short Blades   | 2 3 |  3.0
Translocations | |  3.0

Action                   |  1- 3 |  4- 6 |  7- 9 || total
-------------------------+-------+-------+-------++-------
Melee: Dagger            |    91 |    76 |    26 ||   193
       Kick              |    17 |    29 |     7 ||    53
       Headbutt          |     7 |    10 |     1 ||    18
       Falchion          |       |     3 |       ||     3
       Punch             |       |     1 |     1 ||     2
 Cast: Beastly Appendage |    24 |    12 |     3 ||    39
       Magic Dart        |       |    59 |     5 ||    64
  Use: Potion            |     1 |     6 |     3 ||    10
 Stab: Sleeping          |     9 |     8 |     3 ||    20
       Distracted        |       |     1 |       ||     1
Armor: Robe              |    11 |    16 |     5 ||    32
       Skin              |       |       |     1 ||     1
Dodge: Dodged            |    72 |    59 |    14 ||   145

Table legend: (Time is in decaauts)
 A = Elapsed time spent in this place.
 B = Non-inter-level travel time spent in this place.
 C = Inter-level travel time spent in this place.
 D = Time resting spent in this place.
 E = Time spent auto-exploring this place.
 F = Levels seen in this place.
 G = Mean time per level.
                   A        B        C        D        E       F      G
               +--------+--------+--------+--------+--------+-----+--------+
         Total |   6524 |   6176 |    348 |    996 |   4439 |   5 | 1304.8 |
       Dungeon |   6524 |   6176 |    348 |    996 |   4439 |   5 | 1304.8 |
               +--------+--------+--------+--------+--------+-----+--------+

Top non-repeatable levels by time:
     D:1: 1701 daAuts
     D:4: 1616 daAuts
     D:3: 1291 daAuts
     D:2: 1135 daAuts
     D:5: 780 daAuts
